 Dungeon Crawl Stone Soup version 0.31-a0-870-g10ed682358 (webtiles) character file.

Game seed: 14646993488174463315

203 IndexError the Digger (level 5, 28/28 HPs)
             Began as a Gargoyle Earth Elementalist on Oct 12, 2023.
             Was a Believer of Kikubaaqudgha.
             Quit the game on level 3 of the Dungeon.
             The game lasted 00:03:43 (2554 turns).

IndexError the Digger (Gargoyle Earth Elementalist) Turns: 2554, Time: 00:03:44

Health: 28/28      AC:  6    Str: 12    XL:     5   Next: 81%
Magic:  11/11      EV: 11    Int: 17    God:    Kikubaaqudgha [**....]
Gold:   91         SH:  0    Dex: 10    Spells: 11/12 levels left

rFire   . . .        i - +0 short sword
rCold   . . .        (no shield)
rNeg    + + .        a - +0 robe
rPois   ∞            (no helmet)
rElec   +            (no cloak)
rCorr   .            (no gloves)
SInv    .            (no boots)
Will    .....        (no amulet)
Stlth   ++           d - ring of positive energy {rN+}
HPRegen 0.24/turn    (no ring)
MPRegen 0.12/turn

%: no passive effects
@: no status effects
A: sickness immunity, AC +4, negative energy resistance 1, electricity
resistance, torment resistance 1, petrification resistance
a: Renounce Religion, Unearth Wretches


You were on level 3 of the Dungeon.
You worshipped Kikubaaqudgha.
Kikubaaqudgha was pleased with you.
You visited 1 branch of the dungeon, and saw 3 of its levels.

You collected 91 gold pieces.

Inventory:

Hand Weapons
 i - a +0 short sword (weapon)
   (You found it on level 1 of the Dungeon)
Armour
 a - a +0 robe (worn)
 l - a +0 pair of gloves
   (You found it on level 2 of the Dungeon)
Jewellery
 d - a ring of positive energy (left hand) {rN+}
   (You found it on level 1 of the Dungeon)
 m - a +6 ring of intelligence
   (You found it on level 3 of the Dungeon)
Scrolls
 c - 2 scrolls of poison {unknown}
 e - a scroll of enchant weapon {unknown}
 f - 5 scrolls of identify {unknown}
 h - 2 scrolls of teleportation {unknown}
 j - a scroll of silence {unknown}
Potions
 b - a potion of magic
 g - a potion of haste {unknown}
 k - a potion of curing {unknown}


   Skills:
 - Level 1.5 Dodging
 - Level 2.1 Stealth
 + Level 4.0 Spellcasting
 - Level 0.7 Transmutations
 + Level 5.9 Earth Magic


You had 11 spell levels left.
You knew the following spells:

 Your Spells              Type           Power      Damage    Failure   Level
a - Sandblast             Erth           46%        2d11      1%          1

Your spell library contained the following spells:

 Spells                   Type           Power      Damage    Failure   Level
 Passwall                 Tmut/Erth      11%        N/A       6%          2
 Stone Arrow              Conj/Erth      26%        3d8       14%         3
 Kiss of Death            Conj/Necr      12%        2d6       16%         1
 Necrotise                Necr           12%        1d4       16%         1
 Ensorcelled Hibernation  Hex/Ice        6%         N/A       24%         2
 Jinxbite                 Hex            6%         N/A       24%         2
 Petrify                  Tmut/Erth      14%        N/A       36%         4
 Vampiric Draining        Necr           3%         2d6       43%         3
 Animate Armour           Summ/Erth      26%        N/A       43%         4
 Brom's Barrelling Bould  Conj/Erth      13%        2d4       43%         4
 Anguish                  Hex/Necr       1%         N/A       83%         4
 Animate Dead             Necr           3%         N/A       83%         4
 Lehudib's Crystal Spear  Conj/Erth      6%         10d3      100%        8


Dungeon Overview and Level Annotations

Branches:
Dungeon (3/15)

Altars:
Hepliaklqana
Kikubaaqudgha


Innate Abilities, Weirdness & Mutations

You are immune to sickness and miasma.
Your stone body is resilient. (AC +4)
You are immune to poison.
You resist negative energy. (rN+)
You are resistant to electric shocks. (rElec)
You are resistant to unholy torment.
You are immune to petrification.


Message History

You see here a +1 short sword of holy wrath.
Health restored: 28; MP restored: 10 A rat comes into view.
The blast of sand misses the rat.
You now have 9/10 mp.
The blast of sand misses the rat.
The rat bites you but does no damage. The rat closely misses you.
You now have 8/10 mp.
The blast of sand hits the rat.
The rat closely misses you.
You now have 7/10 mp.
The blast of sand hits the rat.
Kikubaaqudgha accepts your kill.
You now have 6/10 mp.
A kobold comes into view. It is wielding a +0 whip.
There is a fountain of clear blue water here.
MP restored: 10 A kobold is nearby!
A kobold is nearby!
The kobold shouts!
The blast of sand hits the kobold.
You now have 9/10 mp.
The blast of sand hits the kobold!!
Kikubaaqudgha accepts your kill.
You now have 8/10 mp.
You can't see any susceptible monsters within range! (Use Z to cast anyway.)
You can't see any susceptible monsters within range! (Use Z to cast anyway.)
Things that are here:
a +0 whip; a kobold corpse You now have 91 gold pieces (gained 14).
An endoplasm comes into view.
There is a fountain of clear blue water here.
MP restored: 10 An endoplasm is nearby!
An endoplasm is nearby!
The blast of sand hits the endoplasm!
Kikubaaqudgha accepts your kill.
You now have 9/10 mp.
You can't see any susceptible monsters within range! (Use Z to cast anyway.)
You can't see any susceptible monsters within range! (Use Z to cast anyway.)
A gnoll comes into view. It is wielding a +0 whip.
MP restored: 10 A gnoll is nearby!
A gnoll is nearby!
Are you sure you want to abandon this character and quit the game? (Confirm with "yes".)
Okay, then.
You see here 3 stones.
Okay, then.
The gnoll shouts!
A gnoll comes into view. It is wielding a +0 spear.
The blast of sand hits the gnoll!
The gnoll shouts!
A gnoll comes into view. It is wielding a +0 club.
You now have 9/10 mp.
The blast of sand hits the gnoll!
Kikubaaqudgha accepts your kill.
The gnoll shouts!
You now have 8/10 mp.
The blast of sand hits the gnoll.
The gnoll hits you but does no damage.
The gnoll hits you from afar with a +0 spear.
You take 5 damage, and have 23/28 hp.
You now have 7/10 mp.
The blast of sand hits the gnoll!
Kikubaaqudgha accepts your kill.
Your Spellcasting skill increases to level 4!
You now have 6/11 mp.
The blast of sand hits the gnoll!
Kikubaaqudgha accepts your kill.
Kikubaaqudgha is now protecting you from necromantic miscasts and death curses.
You now have 5/11 mp.
You can't see any susceptible monsters within range! (Use Z to cast anyway.)
You can't see any susceptible monsters within range! (Use Z to cast anyway.)
Things that are here:
a +0 club; a gnoll corpse
Items here: )) ††.
Found a hazy altar of Hepliaklqana.
Health restored: 28; MP restored: 11 No target in view!
No target in view!
A frilled lizard comes into view.
A frilled lizard is nearby!
The frilled lizard hisses angrily.
The frilled lizard unfolds its giant frill.
The frilled lizard bites you but does no damage.
There is a hazy altar of Hepliaklqana here.
The blast of sand hits the frilled lizard!
Kikubaaqudgha accepts your kill.
You now have 10/11 mp.
You can't see any susceptible monsters within range! (Use Z to cast anyway.)
You can't see any susceptible monsters within range! (Use Z to cast anyway.)
Okay, then.
Okay, then.
Unknown command.
Press < or > to pray at altars.
Unknown command.
Press < or > to pray at altars.
You can't see any susceptible monsters within range! (Use Z to cast anyway.)
You pick up a book of Armaments and begin reading...
You add the spells Animate Armour and Lehudib's Crystal Spear to your library.
MP restored: 11
m - a +6 ring of intelligence Are you sure you want to abandon this character and quit the game? (Confirm with "yes".)

###.#.###.# ...
##.........# ....
#..##...#### ....
#..#..P....+.....
##.....§.§..#.....
#...P....§#......
#..#...P.....##
#....#._§#..P#
#@P#.#§.P§§#.# #+
#....P.#..§P## #.
###P.#.#....# ###.
#.###.P...###...
####............
##########... ##..
#.) #.)


There were no monsters in sight!

Vanquished Creatures
  Natasha (thrice) (D:2)
  4 gnolls
  3 adders (D:2)
  2 worms (D:3)
  5 ball pythons
  7 bats
  3 endoplasms
  4 giant cockroaches
  10 goblins
  5 hobgoblins
  5 kobolds
  4 quokkas
  4 frilled lizards
  3 rats
62 creatures vanquished.

Notes
Turn   | Place    | Note
-------+----------+-------------------------------------------
     0 | D:1      | IndexError the Gargoyle Earth Elementalist began the quest
                  | for the Orb.
     0 | D:1      | Reached XP level 1. HP: 10/10 MP: 3/3
    98 | D:1      | Reached skill level 4 in Earth Magic
    98 | D:1      | Reached XP level 2. HP: 13/15 MP: 0/5
   528 | D:1      | Reached XP level 3. HP: 19/19 MP: 4/6
  1252 | D:2      | Reached skill level 3 in Spellcasting
  1283 | D:2      | Found a faded altar of an unknown god.
  1288 | D:2      | Reached XP level 4. HP: 16/24 MP: 1/8
  1302 | D:2      | Prayed at the altar of an unknown god.
  1302 | D:2      | Became a worshipper of Kikubaaqudgha
  1302 | D:2      | Reached * piety under Kikubaaqudgha
  1302 | D:2      | Received a gift from Kikubaaqudgha
  1491 | D:2      | Noticed Natasha
  1495 | D:2      | Killed Natasha
  1496 | D:2      | Reached skill level 5 in Earth Magic
  1565 | D:2      | Noticed Natasha
  1923 | D:2      | Killed Natasha
  1924 | D:2      | Reached XP level 5. HP: 19/28 MP: 6/10
  2049 | D:2      | Noticed Natasha
  2052 | D:2      | Killed Natasha
  2471 | D:3      | Reached skill level 4 in Spellcasting
  2471 | D:3      | Reached ** piety under Kikubaaqudgha
  2523 | D:3      | Found a hazy altar of Hepliaklqana.
  2554 | D:3      | Quit the game

Illustrated notes

Levels and vault maps discovered:
D:1:      dpeg_arrival_pits, layout_loops_corners, minivault_4
D:2:      layout_rooms, nicolae_ecumenical_oubliette, uniq_natasha
D:3:      layout_loops_corners, nicolae_overflow_ecumenical_swirl,
          mainiacjoe_overflow_tiny_flanked, nicolae_hepliaklqana_hazy_memory,
          nicolae_concentric_dashed_squares_wild, kennysheep_generic_room_5

Skill      XL: |  1  2  3  4  5 |
---------------+----------------+-----
Earth Magic    | 4 5 |  5.9
Spellcasting   | 3 4 |  4.0
Dodging        | |  1.5
Stealth        | |  2.1
Transmutations | |  0.7

Action                     |  1- 3 |  4- 6 || total
---------------------------+-------+-------++-------
  Melee: Short sword       |       |    10 ||    10
   Cast: Sandblast         |    46 |    44 ||    90
 Armour: Robe              |    23 |    32 ||    55
  Dodge: Dodged            |     7 |    14 ||    21

Table legend: (Time is in decaauts)
 A = Elapsed time spent in this place.
 B = Non-inter-level travel time spent in this place.
 C = Inter-level travel time spent in this place.
 D = Time resting spent in this place.
 E = Time spent auto-exploring this place.
 F = Levels seen in this place.
 G = Mean time per level.
                   A        B        C        D        E       F      G
               +--------+--------+--------+--------+--------+-----+--------+
         Total |   2612 |   2357 |    255 |      0 |   2013 |   3 |  870.7 |
       Dungeon |   2612 |   2357 |    255 |      0 |   2013 |   3 |  870.7 |
               +--------+--------+--------+--------+--------+-----+--------+

Top non-repeatable levels by time:
     D:1: 1424 daAuts
     D:2: 750 daAuts
     D:3: 437 daAuts

Levels and vault maps discovered:
D:1:      dpeg_arrival_pits, layout_loops_corners, minivault_4
D:2:      layout_rooms, nicolae_ecumenical_oubliette, uniq_natasha
D:3:      layout_loops_corners, nicolae_overflow_ecumenical_swirl,
          mainiacjoe_overflow_tiny_flanked, nicolae_hepliaklqana_hazy_memory,
          nicolae_concentric_dashed_squares_wild, kennysheep_generic_room_5

Table legend: (Time is in decaauts)
 A = Elapsed time spent in this place.
 B = Non-inter-level travel time spent in this place.
 C = Inter-level travel time spent in this place.
 D = Time resting spent in this place.
 E = Time spent auto-exploring this place.
 F = Levels seen in this place.
 G = Mean time per level.
                   A        B        C        D        E       F      G
               +--------+--------+--------+--------+--------+-----+--------+
         Total |   2612 |   2357 |    255 |      0 |   2013 |   3 |  870.7 |
       Dungeon |   2612 |   2357 |    255 |      0 |   2013 |   3 |  870.7 |
               +--------+--------+--------+--------+--------+-----+--------+

Top non-repeatable levels by time:
     D:1: 1424 daAuts
     D:2: 750 daAuts
     D:3: 437 daAuts

Table legend:
 A = Kills in this place as a percentage of kills in the entire game.
 B = Kills by you in this place as a percentage of kills by you in the entire game.
 C = Kills by friends in this place as a percentage of kills by friends in the entire game.
 D = Other kills in this place as a percentage of other kills in the entire game.
 E = Experience gained in this place as a percentage of experience gained in the entire game.
 F = Experience gained in this place divided by the number of levels of this place that you have seen.
                   A       B       C       D       E      F
               +-------+-------+-------+-------+-------+----------------------
         Total | 100.0 | 100.0 |   N/A |   N/A | 100.0 |  97.0
       Dungeon | 100.0 | 100.0 |   N/A |   N/A | 100.0 |  97.0
               +-------+-------+-------+-------+-------+----------------------
